 Dungeon Crawl Stone Soup version 0.31-a0-700-gf13585253f (webtiles) character file.

Game seed: 11331096842260814903

154 HoaS the Shooter (level 4, 0/36 HPs)
             Began as a Demigod Hunter on Sept 7, 2023.
             Succumbed to a water moccasin's poison
             ... in a sewer.
             The game lasted 00:05:18 (2040 turns).

HoaS the Shooter (Demigod Hunter)                   Turns: 2040, Time: 00:05:18

Health: 0/36       AC:  9    Str:  9 (12) XL:     4   Next: 89%
Magic:  6/6        EV: 11    Int: 10 (11) God:
Gold:   205        SH:  0    Dex: 18 (21) Spells: 3/3 levels left

rFire   . . .        a - +1 shortbow
rCold   . . .        (shield currently unavailable)
rNeg    . . .        c - +2 leather armour
rPois   .            (no helmet)
rElec   .            (no cloak)
rCorr   .            (no gloves)
SInv    .            (no boots)
Will    +....        (no amulet)
Stlth   ++           g - +4 ring of protection
HPRegen 0.26/turn    (no ring)
MPRegen 0.10/turn

%: no passive effects
@: lethally poisoned (0 -> 0), enlightened, flying
A: high MP 1, forlorn, divine attributes
a: no special abilities


You were in a sewer.
You visited 1 branch of the dungeon, and saw 3 of its levels.
You also visited: Sewer.

You collected 205 gold pieces.

Inventory:

Hand Weapons
 a - a +1 shortbow (weapon)
Missiles
 i - a throwing net
Armour
 c - a +2 leather armour (worn)
Jewellery
 g - a +4 ring of protection (left hand)
Scrolls
 b - a scroll of butterflies
 j - 5 scrolls of teleportation
 n - 2 scrolls of identify {unknown}
Potions
 e - a potion of attraction {unknown}
 f - a potion of heal wounds {unknown}
 h - a potion of invisibility {unknown}
 k - a potion of ambrosia {unknown}
 l - a potion of degeneration
 m - a potion of lignification {unknown}
 o - a potion of might {unknown}
 p - a potion of resistance {unknown}
 q - a potion of magic {unknown}
 r - a potion of haste {unknown}


   Skills:
 - Level 1.7 Fighting
 + Level 5.9 Ranged Weapons
 - Level 1.7 Dodging
 - Level 0.8 Stealth


You had 3 spell levels left.
You didn't know any spells.
Your spell library contained the following spells:

 Spells                   Type           Power      Damage    Failure   Level
 Apportation              Tloc           0%         N/A       47%         1
 Magic Dart               Conj           0%         1d3       47%         1
 Necrotise                Necr           0%         1d4       47%         1
 Call Imp                 Summ           0%         N/A       63%         2
 Jinxbite                 Hex            0%         N/A       63%         2
 Sublimation of Blood     Necr           0%         N/A       63%         2
 Wereblood                Tmut           0%         N/A       63%         2
 Mephitic Cloud           Conj/Pois/Air  0%         N/A       85%         3
 Vampiric Draining        Necr           0%         2d6       85%         3
 Cause Fear               Hex            0%         N/A       99%         4
 Agony                    Necr           0%         N/A       100%        5
 Alistair's Intoxication  Tmut/Pois      0%         N/A       100%        5
 Fireball                 Conj/Fire      0%         3d3       100%        5
 Irradiate                Conj/Tmut      0%         3d11      100%        5
 Summon Hydra             Summ           0%         N/A       100%        7
 Dragon's Call            Summ           0%         N/A       100%        9


Dungeon Overview and Level Annotations

Branches:
Dungeon (3/15)              Sewer (1/1)

Shops:
D:2 (

Annotations:
D:3 Sigmund


Innate Abilities, Weirdness & Mutations

You have an increased reservoir of magic. (+10% MP)
You shall have no god before yourself.
Your divine heritage dramatically boosts your attributes as you level up.


Message History

The water moccasin bites you! The water moccasin barely misses you.
You shoot an arrow. The arrow hits the water moccasin.
The water moccasin is severely wounded.
You feel very sick. The water moccasin closely misses you.
You shoot an arrow.
The arrow barely misses the water moccasin.
* * * LOW HITPOINT WARNING * * *
You feel sick.
The water moccasin completely misses you. x2
You shoot an arrow. The arrow hits the water moccasin!
The water moccasin is almost dead.
* * * LOW HITPOINT WARNING * * *
You feel sick. The water moccasin misses you.
You shoot an arrow.
The arrow hits the water moccasin but does no damage.
The water moccasin is almost dead.
* * * LOW HITPOINT WARNING * * *
You feel sick.
The water moccasin closely misses you. x2
You shoot an arrow.
The arrow closely misses the water moccasin.
* * * LOW HITPOINT WARNING * * *
You feel sick. The water moccasin closely misses you.
The water moccasin barely misses you.
You shoot an arrow. The arrow hits the water moccasin!
You kill the water moccasin!
* * * LOW HITPOINT WARNING * * *
You feel sick.
Your Ranged Weapons skill increases to level 5!
You have reached level 4!
There is a lethal amount of poison in your body!
It was a potion of degeneration.
There was something very wrong with that liquid.
You feel weakened.
You feel dopey.
You feel clumsy.
* * * LOW HITPOINT WARNING * * *
You feel sick.
It was a potion of enlightenment.
You feel very buoyant.
You fly up into the air.
You die...

)!#. .#.#
#.~.
##.~.##
#....~#
~.~.##
#.†.#
#@.##
#~..#
##..# #.
#~.# #..
#..# #~.#
##..# #...
#.~.#
#~.###~.##
#..~#.~.#


There were no monsters in sight!

Vanquished Creatures
  A water moccasin (Sewer)
  An adder (D:3)
  A dart slug (D:1)
  A ball python (D:1)
  2 endoplasms (D:1)
  3 giant cockroaches (D:3)
  2 goblins
  6 hobgoblins
  A kobold (D:2)
  6 quokkas
  3 bats (D:1)
  A frilled lizard (D:1)
  6 rats
34 creatures vanquished.

Notes
Turn   | Place    | Note
-------+----------+-------------------------------------------
     0 | D:1      | HoaS the Demigod Hunter began the quest for the Orb.
     0 | D:1      | Reached XP level 1. HP: 17/17 MP: 3/3
   101 | D:1      | Reached skill level 4 in Ranged Weapons
   295 | D:1      | Reached XP level 2. HP: 24/24 MP: 4/4
   331 | D:1      | You fall into a shaft and drop 1 floor!
   915 | D:2      | Found Ongyasch's Weapon Emporium.
  1392 | D:3      | Identified a scroll of acquirement
  1392 | D:3      | Acquired a +4 ring of protection
  1653 | D:3      | Reached XP level 3. HP: 21/29 MP: 5/5
  1784 | D:3      | Noticed Sigmund
  1958 | D:3      | Found a glowing drain.
  1975 | Sewer    | Entered a sewer
  2024 | Sewer    | Noticed a water moccasin
  2038 | Sewer    | Killed a water moccasin
  2038 | Sewer    | HP: 1/29 [poisoned by a water moccasin]
  2039 | Sewer    | Reached skill level 5 in Ranged Weapons
  2039 | Sewer    | Reached XP level 4. HP: 2/36 MP: 6/6
  2040 | Sewer    | Succumbed to a water moccasin's poison

Illustrated notes

Levels and vault maps discovered:
D:1:      nicolae_arrival_washed_ashore, layout_basic, bh_walls_and_bars
D:2:      layout_basic, serial_shops, nicolae_shop_window_shopping
D:3:      minmay_general_purpose_star, layout_loops_ring, lemuel_tele_altar,
          portal_sewer_entry_f, uniq_sigmund
Sewer:    sewer_the_moccasin

Skill      XL: |  1  2  3 |
---------------+----------+-----
Ranged Weapons | 4 5 |  5.9
Fighting       | |  1.7
Dodging        | |  1.7
Stealth        | |  0.8

Action                     |  1- 3 |  4- 6 || total
---------------------------+-------+-------++-------
   Fire: Shortbow          |    94 |       ||    94
    Use: Scroll            |     9 |       ||     9
         Potion            |       |     2 ||     2
 Armour: Leather armour    |    17 |       ||    17
  Dodge: Dodged            |    27 |       ||    27

Table legend: (Time is in decaauts)
 A = Elapsed time spent in this place.
 B = Non-inter-level travel time spent in this place.
 C = Inter-level travel time spent in this place.
 D = Time resting spent in this place.
 E = Time spent auto-exploring this place.
 F = Levels seen in this place.
 G = Mean time per level.
                   A        B        C        D        E       F      G
               +--------+--------+--------+--------+--------+-----+--------+
         Total |   2068 |   1957 |    111 |    118 |   1600 |   4 |  517.0 |
       Dungeon |   1997 |   1886 |    111 |    118 |   1552 |   3 |  665.7 |
         Sewer |     71 |     71 |      0 |      0 |     48 |   1 |   71.0 |
               +--------+--------+--------+--------+--------+-----+--------+

Top non-repeatable levels by time:
     D:1: 860 daAuts
     D:2: 582 daAuts
     D:3: 554 daAuts
   Sewer: 71 daAuts
